 Dungeon Crawl Stone Soup version 0.31.0-11-ge490571c62 (webtiles) character file.

Game seed: 10804440267621590389

105122 Anriel the Destroyer (level 15, -1/124 HPs)
             Began as a Demigod Conjurer on Feb 2, 2024.
             Killed from afar by a deep elf pyromancer (29 damage)
             ... with a bolt of fire
             ... on level 1 of the Elven Halls on Feb 9, 2024.
             The game lasted 02:54:35 (23359 turns).

Anriel the Destroyer (Demigod Conjurer)            Turns: 23359, Time: 02:54:36

Health: -1/124     AC: 16    Str: 12    XL:     15   Next: 46%
Magic:  24/33      EV: 14    Int: 42    God:
Gold:   974        SH:  0    Dex: 15    Spells: 15/34 levels left

rFire   . . .        M - staff of conjuration
rCold   + + +        L - orb {*channel}
rNeg    . . .        J - +2 steam dragon scales
rPois   .            W - +0 helmet
rElec   .            G - +0 cloak
rCorr   .            S - +1 pair of gloves {Dex+3}
SInv    +            s - +0 pair of boots
Will    +++..        g - amulet of magic regeneration
Stlth   +            p - +6 ring of intelligence
HPRegen 0.40/turn    X - ring of Yxiutoetru {rC+ Will++ Slay+2 SInv}
MPRegen 0.63/turn

%: channel magic (20%)
@: on fire, glowing
A: high MP 1, forlorn, divine attributes, iridescent scales 1, cold resistance
2, robust 1, noise suppression
a: no special abilities


You were on level 1 of the Elven Halls.
You visited 5 branches of the dungeon, and saw 24 of its levels.
You also visited: Sewer, Bailey and Gauntlet.

You collected 3326 gold pieces.
You spent 2352 gold pieces at shops.

Inventory:

Hand Weapons
 d - the +5 mace of Moderation {venom, Int+7 Stlth-}
   (You took it off an orc knight on level 12 of the Dungeon)

   Int+7:     It affects your intelligence (+7).
   Stlth-:    It makes you less stealthy.
 T - the +11 long sword of Karma {flame, rN++}
   (You took it off a minotaur in a Gauntlet)

   rN++:      It greatly protects you from negative energy.
Missiles
 e - 9 throwing nets
Armour
 s - a +0 pair of boots (worn)
 G - a +0 cloak (worn)
 J - +2 steam dragon scales (worn)
 L - an orb of energy (worn)
 S - a +1 pair of gloves of dexterity (worn)
 W - a +0 helmet (worn)
Magical Staves
 D - a staff of alchemy
 M - a staff of conjuration (weapon)
 N - a staff of earth
Jewellery
 g - an amulet of magic regeneration (around neck)
 i - a ring of flight
 l - a +5 ring of evasion
 p - a +6 ring of intelligence (left hand)
 B - the ring "Biptem" {rElec AC+4 Dex+2 Slay+2}
   (You found it on level 7 of the Dungeon)

   [ring of protection]

   AC+4:      It affects your AC (+4).
   Dex+2:     It affects your dexterity (+2).
   Slay+2:    It affects your accuracy & damage with ranged weapons and melee
   (+2).
   rElec:     It insulates you from electricity.
 E - a ring of resist corrosion
 O - a ring of poison resistance
 X - the ring of Yxiutoetru (right hand) {rC+ Will++ Slay+2 SInv}
   (You took it off a death knight on level 12 of the Dungeon)

   [ring of protection from cold]

   Slay+2:    It affects your accuracy & damage with ranged weapons and melee
   (+2).
   rC+:       It protects you from cold.
   Will++:    It greatly increases your willpower.
   SInv:      It lets you see invisible.
Wands
 o - a wand of flame (5)
 v - a wand of charming (10)
 y - a wand of iceblast (17)
 H - a wand of mindburst (5)
 I - a wand of light (10)
Scrolls
 c - 9 scrolls of teleportation
 k - 5 scrolls of poison
 z - 2 scrolls of amnesia
 C - 4 scrolls of blinking
 F - 2 scrolls of fear
 U - 5 scrolls of fog
Potions
 j - 10 potions of ambrosia
 m - 2 potions of haste
 n - 2 potions of resistance
 q - 3 potions of enlightenment
 r - 2 potions of invisibility
 t - a potion of curing
 u - 3 potions of cancellation
 A - 2 potions of magic
 K - 3 potions of brilliance
Miscellaneous
 Y - a tin of tremorstones (2/2)


   Skills:
 - Level 5.0 Fighting
 - Level 5.0 Armour
 - Level 5.0 Dodging
 - Level 5.0 Stealth
 - Level 10.0 Spellcasting
 * Level 13.8 Conjurations
 - Level 5.0 Translocations
 * Level 12.4 Fire Magic
 - Level 5.0 Ice Magic
 + Level 8.3 Air Magic
 - Level 5.0 Earth Magic
 - Level 5.0 Alchemy
 - Level 5.0 Evocations


You had 15 spell levels left.
You knew the following spells:

 Your Spells              Type           Power      Damage    Failure   Level
a - Magic Dart            Conj           100%       1d8       1%          1
b - Searing Ray           Conj           100%       2d8       1%          2
c - Iskenderun's Mystic   Conj/Tloc      99%        2d19      2%          4
d - Starburst             Conj/Fire      57%        6d15      5%          6
e - Plasma Beam           Fire/Air       41%        2x1d55    11%         6

Your spell library contained the following spells:

 Spells                   Type           Power      Damage    Failure   Level
 Foxfire                  Conj/Fire      100%       2x1d9     1%          1
 Mercury Vapours          Alch/Air       100%       N/A       1%          2
 Mephitic Cloud           Conj/Alch/Air  98%        N/A       1%          3
 Swiftness                Air            75%        N/A       1%          3
 Lesser Beckoning         Tloc           100%       N/A       2%          2
 Dazzling Flash           Conj/Hex       100%       N/A       2%          3
 Fulminant Prism          Conj/Alch      49%        3d20      2%          4
 Gell's Gravitas          Tloc           58%        N/A       3%          3
 Inner Flame              Hex/Fire       65%        N/A       3%          3
 Passwall                 Erth           58%        N/A       3%          3
 Teleport Other           Tloc           58%        N/A       3%          3
 Ensorcelled Hibernation  Hex/Ice        84%        N/A       4%          2
 Irradiate                Conj/Alch      49%        3d28      4%          5
 Olgreb's Toxic Radiance  Alch           58%        N/A       8%          4
 Call Imp                 Summ           42%        N/A       9%          2
 Sublimation of Blood     Necr           21%        N/A       9%          2
 Conjure Ball Lightning   Conj/Air       53%        3x3d18    10%         6
 Silence                  Hex/Air        27%        N/A       21%         5
 Anguish                  Hex/Necr       10%        N/A       34%         4
 Cause Fear               Hex            10%        N/A       34%         4
 Curse of Agony           Necr           21%        N/A       61%         5
 Ignition                 Fire           45%        3d13      73%         8
 Enfeeble                 Hex            10%        N/A       100%        7
 Summon Hydra             Summ           10%        N/A       100%        7
 Discord                  Hex            10%        N/A       100%        8
 Disjunction              Tloc           29%        N/A       100%        8


Dungeon Overview and Level Annotations

Branches:
Dungeon (15/15)            Temple (1/1) D:7            Lair (5/5) D:9
  Swamp (0/4) Lair:3        Snake (0/4) Lair:2        Slime (0/5) Lair:5
    Orc (2/2) D:9             Elf (1/3) Orc:2        Vaults (0/5) D:14
 Depths (0/4) D:15          Sewer (visited)          Bailey (visited)
Gauntlet (visited)

Shops:
Orc:2 (?**


Innate Abilities, Weirdness & Mutations

You have an increased reservoir of magic. (+10% MP)
You shall have no god before yourself.
Your divine heritage dramatically boosts your attributes as you level up.
You are partially covered in iridescent scales. (AC +2)
Your flesh is very cold resistant. (rC++)
You are robust. (+10% HP)
You passively dampen the noise of your surroundings.


Message History

The deep elf pyromancer is severely wounded.
The deep elf pyromancer is knocked back by the mystic blast.
The deep elf pyromancer collides with the deep elf archer!
The deep elf archer is heavily wounded.
You kill the deep elf pyromancer!
The mystic blast hits the fire elemental!
The fire elemental is heavily damaged.
The fire elemental is knocked back by the mystic blast.
The liquid fire burns you!
The deep elf archer shoots an arrow.
The arrow closely misses you.
The deep elf pyromancer is engulfed in blazing flames.
The deep elf pyromancer casts a spell at you.
The pyre arrow hits you.
You are even more covered in intense liquid fire!
You shake off some of the fire as you move.
The liquid fire burns you!
The deep elf archer shoots an arrow.
The arrow hits you!
The deep elf zephyrmancer casts a spell.
The deep elf zephyrmancer blinks!
The deep elf pyromancer is engulfed in blazing flames.
You shake off some of the fire as you move.
The liquid fire burns you!
The deep elf archer points at you and mumbles some strange words.
You resist with almost no effort.
There is a staircase back to the Mines here.
You shake off some of the fire as you move.
The liquid fire burns you!
The deep elf pyromancer casts a spell.
The deep elf pyromancer blinks!
The deep elf archer unwields a +0 short sword.
The deep elf archer wields a +0 shortbow.
The deep elf archer shoots an arrow.
The arrow hits you!
* * * LOW HITPOINT WARNING * * *
You feel much better. The liquid fire burns you!
* * * LOW HITPOINT WARNING * * *
The deep elf pyromancer points at you and mumbles some strange words.
The bolt of fire hits the fire elemental.
The fire elemental completely resists.
The bolt of fire hits you!!
You die...

## .?. .#.####
.......
.....8.######
#....○.'....##
....ee☼○.....#
....e).'E<@..#
.....e)'.....#
.......'....##
.....8.######
)......
.#.#### ... .#


You could see 2 deep elf archers, a deep elf pyromancer, a deep elf zephyrmancer
and a fire elemental.

Vanquished Creatures
  A stone giant (D:15)
  A minotaur (Gauntlet)
  2 catoblepae
  2 centaur warriors (D:13)
  2 ogre magi
  4 hydras
  A death knight (D:12)
  9 two-headed ogres
  3 dancing weapons
  6 boulder beetles
  7 death yaks
  3 orc high priests (Orc:2)
  3 tengu warriors
  Sonja (Lair:4)
  A deep elf knight (D:12)
  4 skeletal warriors
  3 skysharks
  Lodul (D:11)
  A flayed ghost (D:14)
  11 orc knights
  5 deep elf pyromancers
  2 deep elf zephyrmancers (Elf:1)
  A wolf spider (D:12)
  5 orc sorcerers
  11 ugly things
  6 cyclopes
  2 manticores
  A meliai (shapeshifter) (D:11)
  3 kobold blastminers (Orc:2)
  17 slime creatures
  3 meliai (D:15)
  5 black mambas
  21 elephants
  A smoke demon (Gauntlet)
  A rust devil (Gauntlet)
  A torpor snail (Lair:1)
  A guardian serpent (Lair:2)
  A minotaur zombie (Gauntlet)
  A komodo dragon (shapeshifter) (D:14)
  2 rime drakes
  5 komodo dragons
  3 kobold demonologists
  9 cane toads
  Psyche (D:11)
  A burning bush (Lair:5)
  5 polar bears
  A queen bee (D:15)
  4 trolls
  A red devil (Gauntlet)
  A tyrant leech (Gauntlet)
  A wolf spider simulacrum (D:15)
  5 hornets
  7 dream sheep (Lair:5)
  5 blink frogs (Lair:2)
  A spriggan (shapeshifter) (D:14)
  18 yaks
  3 shadows
  7 wraiths
  13 spriggans
  6 wyverns
  A ynoxinul (Gauntlet)
  3 wargs
  A fire bat (D:14)
  Eustachio (D:6)
  3 basilisks
  2 steam dragons
  4 vampire mosquitoes
  2 swamp worms (Gauntlet)
  2 acid dragons
  19 water moccasins
  Edmund (D:6)
  A water moccasin (shapeshifter) (D:13)
  2 ice beasts (D:8)
  25 orc warriors
  A sky beast (D:7)
  2 laughing skulls (D:14)
  53 wolves
  6 black bears
  18 ogres
  5 boggarts (Lair:5)
  13 centaurs
  4 phantoms
  4 kobold brigands
  8 gnoll sergeants (Bailey)
  17 bullfrogs
  2 scorpions (D:4)
  4 wights (D:7)
  23 killer bees (D:15)
  5 electric eels
  9 howler monkeys
  4 crimson imps (Gauntlet)
  2 bombardier beetles
  6 jellies
  7 hounds
  7 gnoll boudas (Bailey)
  14 orc priests
  4 iron imps (Gauntlet)
  Terence (D:3)
  3 iguanas
  27 orc wizards
  A statue (D:7)
  22 gnolls
  11 adders
  5 river rats
  2 shadow imps
  A white imp (D:7)
  4 dart slugs
  3 ribbon worms
  60 orcs
  7 ball pythons
  13 endoplasms
  3 giant cockroaches
  12 hobgoblins
  25 kobolds
  6 quokkas
  15 bats
  5 frilled lizards
  6 goblins
  11 rats
  A butterfly (Lair:2)
782 creatures vanquished.

Notes
Turn   | Place    | Note
-------+----------+-------------------------------------------
     0 | D:1      | Anriel the Demigod Conjurer began the quest for the Orb.
     0 | D:1      | Reached XP level 1. HP: 14/14 MP: 5/5
   541 | D:1      | Reached XP level 2. HP: 20/20 MP: 2/7
   544 | D:1      | Learned a level 2 spell: Searing Ray
  1157 | D:2      | Reached skill level 4 in Conjurations
  1427 | D:2      | Reached XP level 3. HP: 26/26 MP: 5/9
  1894 | D:3      | Found a transporter.
  1909 | D:3      | Found a transporter.
  2029 | D:3      | Identified the +6 hand axe "Liazaekk" {flame, *Noise rPois
                  | rCorr Str+4}
  2034 | D:3      | Noticed Terence
  2072 | D:3      | Killed Terence
  2073 | D:3      | Reached XP level 4. HP: 33/33 MP: 5/10
  2080 | D:3      | Learned a level 4 spell: Iskenderun's Mystic Blast
  2089 | D:3      | You fall into a shaft and drop 2 floors!
  2089 | D:5      | Entered Level 5 of the Dungeon
  2212 | D:4      | Noticed a phantom
  2223 | D:4      | Reached XP level 5. HP: 38/38 MP: 7/12
  2450 | D:4      | Reached skill level 5 in Conjurations
  2488 | D:4      | Reached skill level 1 in Translocations
  2488 | D:4      | Reached XP level 6. HP: 35/45 MP: 5/14
  2981 | D:3      | Gained mutation: You are occasionally teleported next to
                  | monsters. [potion of mutation]
  2981 | D:3      | Gained mutation: Your spells are a little easier to cast,
                  | but a little less powerful. [potion of mutation]
  2982 | D:3      | Lost mutation: Your spells are a little easier to cast, but
                  | a little less powerful. [potion of mutation]
  2982 | D:3      | Lost mutation: You are occasionally teleported next to
                  | monsters. [potion of mutation]
  2982 | D:3      | Gained mutation: You occasionally lose the ability to read
                  | scrolls when taking damage. [potion of mutation]
  2983 | D:3      | Lost mutation: You occasionally lose the ability to read
                  | scrolls when taking damage. [potion of mutation]
  2983 | D:3      | Gained mutation: You are partially covered in large bone
                  | plates. (SH +4) [potion of mutation]
  2983 | D:3      | Gained mutation: Your mind is acute. (Int +4, Str/Dex -1)
                  | [potion of mutation]
  2983 | D:3      | Gained mutation: You sometimes lose your temper in combat.
                  | [potion of mutation]
  2984 | D:3      | Lost mutation: You are partially covered in large bone
                  | plates. (SH +4) [potion of mutation]
  2984 | D:3      | Lost mutation: You sometimes lose your temper in combat.
                  | [potion of mutation]
  2984 | D:3      | Gained mutation: You are partially covered in iridescent
                  | scales. (AC +2) [potion of mutation]
  2984 | D:3      | Gained mutation: You are frail. (-10% HP) [potion of
                  | mutation]
  3081 | D:4      | Reached XP level 7. HP: 45/45 MP: 13/17
  3092 | D:4      | Learned a level 6 spell: Starburst
  3679 | D:5      | Reached skill level 5 in Spellcasting
  3716 | D:5      | Reached skill level 1 in Fire Magic
  4018 | D:5      | Reached XP level 8. HP: 14/51 MP: 15/19
  4390 | D:6      | Noticed Edmund
  4420 | D:6      | Killed Edmund
  4483 | D:6      | Found a glowing drain.
  4512 | Sewer    | Entered a sewer
  4674 | Sewer    | Reached skill level 5 in Translocations
  4964 | D:6      | Reached skill level 1 in Alchemy
  5011 | D:6      | Noticed Eustachio
  5018 | D:6      | Killed Eustachio
  5019 | D:6      | Reached skill level 5 in Dodging
  5612 | D:7      | Reached XP level 9. HP: 49/55 MP: 14/20
  5730 | D:7      | Found a staircase to the Ecumenical Temple.
  5741 | Temple   | Entered the Ecumenical Temple
  5760 | D:7      | Reached skill level 5 in Fire Magic
  5994 | D:7      | Identified the ring "Biptem" {rElec AC+4 Dex+2 Slay+2}
  6445 | D:8      | Identified the +4 plate armour of Voregrid {^Drain Slay+5}
  6592 | D:8      | Got the Directory of Transposed Reagents
  6618 | D:8      | Reached skill level 6 in Conjurations
  6705 | D:8      | Reached skill level 5 in Alchemy
  6878 | D:8      | Reached skill level 1 in Fighting
  7074 | D:9      | Noticed a kobold demonologist
  7076 | D:9      | Noticed a smoke demon
  7084 | D:9      | Killed a kobold demonologist
  7144 | D:9      | Found a staircase to the Lair.
  7144 | D:9      | Noticed a death yak
  7145 | D:9      | Noticed a death yak
  7145 | D:9      | Noticed a death yak
  7160 | D:9      | Killed a death yak
  7161 | D:9      | Reached skill level 7 in Conjurations
  7161 | D:9      | Reached XP level 10. HP: 42/65 MP: 16/21
  7167 | D:9      | Killed a death yak
  7168 | D:9      | Reached skill level 5 in Stealth
  7168 | D:9      | Killed a death yak
  7169 | D:9      | Reached skill level 8 in Conjurations
  7402 | D:9      | Reached skill level 1 in Evocations
  7574 | D:9      | Noticed a cyclops
  7583 | D:9      | Killed a cyclops
  7754 | D:9      | Found a staircase to the Orcish Mines.
  7862 | D:10     | Entered Level 10 of the Dungeon
  7976 | D:10     | Found a flagged portal.
  7983 | Bailey   | Entered a bailey
  8467 | Bailey   | Reached skill level 9 in Conjurations
  9164 | D:10     | Noticed a two-headed ogre
  9173 | D:10     | Killed a two-headed ogre
  9174 | D:10     | Reached XP level 11. HP: 76/76 MP: 10/22
  9716 | D:11     | Reached skill level 5 in Fighting
  9802 | D:11     | Found a frozen archway.
  9814 | D:11     | Noticed Psyche
  9826 | D:11     | Killed Psyche
  9837 | D:11     | Found a gate leading to a gauntlet.
  9846 | Gauntlet | Entered a Gauntlet
  9846 | Gauntlet | Found a transporter.
  9846 | Gauntlet | Found a transporter.
  9927 | Gauntlet | Found a transporter.
  9931 | Gauntlet | Found a transporter.
  9931 | Gauntlet | Found a transporter.
  9933 | Gauntlet | Noticed a tengu warrior
  9951 | Gauntlet | Found a transporter.
  9966 | Gauntlet | Found a transporter.
  9970 | Gauntlet | Found a transporter.
  9980 | Gauntlet | Noticed a large abomination
  9982 | Gauntlet | Found a transporter.
  9998 | Gauntlet | Found a transporter.
 10005 | Gauntlet | Found a transporter.
 10025 | Gauntlet | Found a transporter.
 10027 | Gauntlet | Found a runed translucent gate.
 10027 | Gauntlet | Found a runed translucent gate.
 10027 | Gauntlet | Found a runed translucent gate.
 10095 | Gauntlet | Reached skill level 1 in Armour
 10098 | Gauntlet | Reached skill level 10 in Conjurations
 10224 | Gauntlet | Identified the amulet "Woum" {Acrobat Will+ Str+7}
 10290 | Gauntlet | Identified the +11 long sword of Karma {flame, rN++}
 10290 | Gauntlet | Noticed a minotaur
 10309 | Gauntlet | Killed a minotaur
 10773 | D:11     | Noticed Lodul
 10962 | D:11     | Reached skill level 5 in Evocations
 11069 | D:11     | Killed Lodul
 11343 | D:12     | Noticed a boulder beetle
 11509 | D:12     | Noticed a boulder beetle
 11552 | D:12     | Killed a boulder beetle
 11749 | D:12     | Killed a boulder beetle
 12037 | D:12     | Reached XP level 12. HP: 70/84 MP: 12/27
 12135 | D:12     | Identified the +5 mace of Moderation {venom, Int+7 Stlth-}
 12136 | D:12     | Identified the ring of Yxiutoetru {rC+ Will++ Slay+2 SInv}
 12136 | D:12     | Noticed a death knight
 12148 | D:12     | Killed a death knight
 12164 | D:12     | Reached skill level 5 in Armour
 12186 | D:12     | Identified the serpent talisman of Usettyg {rC+ Str+2
                  | Int+6}
 12191 | D:12     | Identified the +2 quarterstaff of Iconoclasm {pain, Will++}
 12443 | D:12     | Reached skill level 1 in Earth Magic
 12454 | D:12     | Identified a scroll of acquirement
 12454 | D:12     | Acquired 716 gold pieces
 12539 | D:12     | Noticed a boulder beetle
 12544 | D:12     | Killed a boulder beetle
 12561 | D:12     | Learned a level 6 spell: Plasma Beam
 12709 | D:13     | Noticed a centaur warrior
 12807 | D:13     | Noticed a centaur warrior
 12813 | D:13     | Killed a centaur warrior
 12815 | D:13     | Noticed a catoblepas
 13095 | D:13     | Killed a catoblepas
 13116 | D:13     | Killed a centaur warrior
 13618 | D:14     | Noticed a boulder beetle
 13624 | D:14     | Killed a boulder beetle
 13884 | D:14     | Found a gate to the Vaults.
 14000 | D:14     | Found a runed translucent door.
 14055 | D:14     | Reached XP level 13. HP: 86/90 MP: 20/31
 14664 | D:14     | Reached skill level 10 in Spellcasting
 15005 | D:15     | Entered Level 15 of the Dungeon
 15099 | D:15     | Found a staircase to the Depths.
 15099 | D:15     | Noticed a stone giant
 15111 | D:15     | Killed a stone giant
 15112 | D:15     | Reached skill level 10 in Fire Magic
 15112 | D:15     | Reached skill level 1 in Air Magic
 15222 | D:15     | HP: 4/90 [orc knight/+1 bardiche (35)]
 15465 | D:15     | Reached skill level 1 in Ice Magic
 15475 | D:15     | Paralysed by an ogre mage for 4 turns
 15485 | D:15     | Reached skill level 5 in Earth Magic
 15861 | D:15     | Reached skill level 5 in Air Magic
 15959 | D:15     | Identified the granite talisman of the Sufficient God
                  | {Str+2}
 16047 | D:15     | Lost mutation: You are partially covered in iridescent
                  | scales. (AC +2) [potion of mutation]
 16047 | D:15     | Lost mutation: Your mind is acute. (Int +4, Str/Dex -1)
                  | [potion of mutation]
 16047 | D:15     | Gained mutation: Your natural rate of healing is unusually
                  | fast. [potion of mutation]
 16047 | D:15     | Gained mutation: You have supernaturally acute eyesight.
                  | (SInv) [potion of mutation]
 16047 | D:15     | Gained mutation: You are strong-willed. (Will+) [potion of
                  | mutation]
 16047 | D:15     | Gained mutation: You passively dampen the noise of your
                  | surroundings. [potion of mutation]
 16546 | Orc:1    | Entered Level 1 of the Orcish Mines
 16739 | Orc:1    | Reached XP level 14. HP: 86/96 MP: 17/32
 16945 | Orc:2    | Entered Level 2 of the Orcish Mines
 16945 | Orc:2    | Found a staircase to the Elven Halls.
 16963 | Orc:2    | Reached skill level 11 in Conjurations
 17468 | Orc:2    | Reached skill level 5 in Ice Magic
 17629 | Orc:2    | Found Vouschaoq's Assorted Antiques.
 17629 | Orc:2    | Found Kituidd's Assorted Antiques.
 17630 | Orc:2    | Found Ceqer's Magic Scroll Emporium.
 17630 | Orc:2    | Found Jelein's Antique Weapon Emporium.
 17653 | Orc:2    | Bought a potion of brilliance for 128 gold pieces
 17653 | Orc:2    | Bought a jade ring for 160 gold pieces
 17655 | Orc:2    | Bought a scroll of identify for 32 gold pieces
 17655 | Orc:2    | Bought a scroll of identify for 32 gold pieces
 17655 | Orc:2    | Bought a scroll of teleportation for 48 gold pieces
 17655 | Orc:2    | Bought a scroll of teleportation for 48 gold pieces
 17665 | Orc:2    | Bought a scroll of blinking for 217 gold pieces
 17665 | Orc:2    | Bought 2 scrolls of blinking for 435 gold pieces
 17665 | Orc:2    | Bought a wand of light (6) for 730 gold pieces
 17665 | Orc:2    | Bought a scroll labelled XEYSTE ADIR for 29 gold pieces
 17665 | Orc:2    | Bought a potion of cancellation for 232 gold pieces
 17666 | Orc:2    | Bought a pitted ring mail for 261 gold pieces
 17666 | Orc:2    | Identified the +0 ring mail of Ruiss {rN+++ Int-3 SInv
                  | Stlth+} (You bought it in a shop on level 2 of the Orcish
                  | Mines)
 18041 | Lair:1   | Entered Level 1 of the Lair of Beasts
 18241 | Lair:1   | Reached skill level 12 in Conjurations
 18804 | Lair:2   | Upgraded the game from 0.31.0-9-g3a7656b989 to
                  | 0.31.0-11-ge490571c62
 19382 | Lair:2   | Found a staircase to the Snake Pit.
 20237 | Lair:3   | Found a staircase to the Swamp.
 20589 | Lair:4   | Identified the +6 rapier "Emajuzuf" {drain, Fly rPois rCorr
                  | Int-4}
 20690 | Lair:4   | Noticed Sonja
 20701 | Lair:4   | Reached XP level 15. HP: 86/101 MP: 17/33
 20703 | Lair:4   | Killed Sonja
 20710 | Lair:4   | Reached skill level 13 in Conjurations
 21211 | Lair:5   | Entered Level 5 of the Lair of Beasts
 21298 | Lair:5   | Found a staircase to the Slime Pits.
 21987 | Lair:5   | Identified the storm talisman of the Sneaky Thickets {rC++}
 22865 | D:15     | Lost mutation: You are frail. (-10% HP) [potion of
                  | mutation]
 22865 | D:15     | Lost mutation: You are strong-willed. (Will+) [potion of
                  | mutation]
 22865 | D:15     | Gained mutation: You have sharp toenails. [potion of
                  | mutation]
 22865 | D:15     | Gained mutation: Your spells are a little harder to cast,
                  | but a little more powerful. [potion of mutation]
 22865 | D:15     | Gained mutation: Your spells are harder to cast, but more
                  | powerful. [potion of mutation]
 22866 | D:15     | Lost mutation: Your natural rate of healing is unusually
                  | fast. [potion of mutation]
 22866 | D:15     | Lost mutation: Your spells are harder to cast, but more
                  | powerful. [potion of mutation]
 22866 | D:15     | Lost mutation: You have sharp toenails. [potion of
                  | mutation]
 22866 | D:15     | Gained mutation: You are occasionally teleported next to
                  | monsters. [potion of mutation]
 22866 | D:15     | Gained mutation: You possess an exceptional clarity of
                  | mind. [potion of mutation]
 22867 | D:15     | Lost mutation: You have supernaturally acute eyesight.
                  | (SInv) [potion of mutation]
 22867 | D:15     | Lost mutation: You possess an exceptional clarity of mind.
                  | [potion of mutation]
 22867 | D:15     | Gained mutation: Your flesh is cold resistant. (rC+)
                  | [potion of mutation]
 22868 | D:15     | Lost mutation: Your spells are a little harder to cast, but
                  | a little more powerful. [potion of mutation]
 22868 | D:15     | Lost mutation: You are occasionally teleported next to
                  | monsters. [potion of mutation]
 22868 | D:15     | Gained mutation: Your flesh is very cold resistant. (rC++)
                  | [potion of mutation]
 22868 | D:15     | Gained mutation: You are robust. (+10% HP) [potion of
                  | mutation]
 22868 | D:15     | Gained mutation: You are partially covered in iridescent
                  | scales. (AC +2) [potion of mutation]
 23347 | Elf:1    | Entered Level 1 of the Elven Halls
 23359 | Elf:1    | Killed from afar by a deep elf pyromancer

Illustrated notes

Levels and vault maps discovered:
D:1:      minmay_arrival_four_houses, layout_basic, columned_hall_lemuel
D:2:      layout_rooms
D:3:      gammafunk_steamed_eel, layout_loops_ring, uniq_terence
D:4:      layout_basic
D:5:      layout_rooms, overflow_temple_1_default
D:6:      layout_loops_ring, gup_sewer_entry_glass, hangedman_decor_push,
          uniq_edmund, uniq_eustachio
D:7:      layout_gridville, mainiacjoe_overflow_small_starburst, vehumet_statue,
          fedhas_altar_3, minmay_temple_entry_slanted
D:8:      layout_basic, minitemple, grunt_temple_overflow_open
D:9:      layout_roguey, mainiacjoe_overflow_alcove_4, dpeg_lair_monsters,
          orc_0_dummy
D:10:     layout_stronghold, enter_bailey_4
D:11:     layout_cave_pools, portal_ice_cave_entry_pillars_1,
          gauntlet_entry_generic, serial_column_ruins,
          column_ruins_open_small_water, column_ruins_columns_straight,
          column_ruins_corridor_T, column_ruins_grid_1,
          kennysheep_generic_room_15, uniq_lodul, uniq_psyche
D:12:     minmay_the_grid_triangle_9x9_recursive_2
          [minmay_the_grid_triangle_9x9_prize_center,
          minmay_the_grid_triangle_9x9_longest,
          minmay_the_grid_triangle_9x9_dagger,
          minmay_the_grid_triangle_9x9_corruption], layout_rooms,
          grunt_ministairs_9
D:13:     layout_cave_pools
D:14:     due_megacathedral, layout_basic, erik_vaults_1, serial_bayou_pond_d
D:15:     grunt_enter_depths_giant_problem, layout_cave_pods, special_room
          [special_room_bee], minmay_orc_keep
Temple:   hellmonk_temple_rainy
Lair:1:   layout_long_grid, serial_bayou_shore_b, serial_bayou_shore_b
Lair:2:   layout_chaotic_city, minmay_snake_entry_spellcaster,
          lemuel_fruit_fields
Lair:3:   layout_layer_cave, swamp_mist_pool, pdpol_lair_neglected_garden
Lair:4:   layout_regular_city, grunt_forest_stairs_clearing, uniq_sonja
Lair:5:   minmay_lair_end_enchanted_forest, layout_hall_layers,
          dpeg_slime_entry_enclosed, evilmike_ambush
          [evilmike_ambush_outer_corners, evilmike_ambush_inner_pond],
          serial_bayou_shore_a
Orc:1:    layout_caves
Orc:2:    st_orc_elflike, layout_caves, basic_altar
Elf:1:    eino_elf_arrival_the_gate, layout_rooms, serial_shops,
          nicolae_shop_temple_entry_statues_fountains, minmay_elf_annihilation,
          nicolae_specific_store

Skill      XL: |  1  2  3  4  5  6  7  8  9 10 11 12 13 14 15 |
---------------+----------------------------------------------+-----
Spellcasting   | 2 3 4 5 7 9 10 | 10.0
Dodging        | 2 3 4 5 |  5.0
Conjurations   | 4 5 7 9 10 12 13 | 13.8
Translocations | 1 2 4 5 |  5.0
Fire Magic     | 2 4 5 6 9 10 11 12 | 12.4
Alchemy        | 3 5 |  5.0
Stealth        | 2 4 5 |  5.0
Fighting       | 2 4 5 |  5.0
Evocations     | 3 5 |  5.0
Armour         | 4 5 |  5.0
Earth Magic    | 3 5 |  5.0
Air Magic      | 5 7 8 |  8.3
Ice Magic      | 3 5 |  5.0

Action                     |  1- 3 |  4- 6 |  7- 9 | 10-12 | 13-15 || total
---------------------------+-------+-------+-------+-------+-------++-------
  Melee: Dagger            |     9 |     7 |     4 |       |       ||    20
         Short sword       |       |       |       |    29 |       ||    29
         Mace              |       |       |       |    10 |    27 ||    37
         Long sword        |       |       |       |       |    22 ||    22
         Staff             |       |       |       |       |     8 ||     8
   Cast: Magic Dart        |    81 |    43 |   158 |   111 |    59 ||   452
         Searing Ray       |     5 |    18 |    59 |   109 |    65 ||   256
         Iskenderun's Myst |       |       |    23 |   133 |   103 ||   259
         Starburst         |       |       |       |    22 |    51 ||    73
         Plasma Beam       |       |       |       |       |   193 ||   193
  Evoke: Wand              |       |       |       |    12 |     5 ||    17
    Use: Scroll            |     5 |     2 |     7 |    23 |     6 ||    43
         Potion            |     1 |     5 |     4 |     4 |     8 ||    22
   Stab: Sleeping          |       |       |     1 |       |       ||     1
         Petrified         |       |       |       |     3 |       ||     3
 Armour: Robe              |     6 |    22 |    70 |     9 |       ||   107
         Steam dragon scal |       |       |       |   234 |   218 ||   452
  Dodge: Dodged            |    11 |    19 |    54 |   180 |   179 ||   443
